 Dungeon Crawl Stone Soup version 0.31-a0-473-g61b50ae490 (webtiles) character file.

Game seed: 6935564502586554470

2 shmup the Sneak (level 1, 16/16 HPs)
             Began as a Vampire Brigand on July 24, 2022.
             Safely got out of the dungeon.
             The game lasted 00:02:58 (187 turns).

shmup the Sneak (Vampire Brigand)                    Turns: 187, Time: 00:02:59

Health: 16/16      AC:  3    Str: 10    XL:     1   Next: 25%
Magic:  1/1        EV: 12    Int: 13    God:
Gold:   0          SH:  0    Dex: 15    Spells: 0/0 levels left

rFire   . . .        a - +2 dagger
rCold   . . .        (no shield)
rNeg    . . .        b - +0 robe
rPois   .            (no helmet)
rElec   .            c - +0 cloak
rCorr   .            (no gloves)
SInv    +            (no boots)
Will    .....        (no amulet)
Stlth   +++          (no ring)
HPRegen 0.42/turn    (no ring)
MPRegen 0.07/turn

%: no passive effects
@: healing quickly
A: alive, fangs 3, see invisible, vampiric 1
a: Exsanguinate


You escaped.
You visited 1 branch of the dungeon, and saw 1 of its levels.

Inventory:

Hand Weapons
 a - a +2 dagger (weapon)
Missiles
 d - 9 poisoned darts (quivered)
 e - 3 curare-tipped darts
 f - 4 stones
Armour
 b - a +0 robe (worn)
 c - a +0 cloak (worn)
Scrolls
 g - a scroll of teleportation {unknown}


   Skills:
 + Level 1.8 Fighting
 + Level 2.2 Short Blades
 + Level 1.6 Throwing
 + Level 1.1 Dodging
 + Level 5.8 Stealth


You couldn't memorise any spells.
You didn't know any spells.
Your spell library was empty.

Dungeon Overview and Level Annotations

Branches:
Dungeon (1/15) Zot: 5813

Altars:


Innate Abilities, Weirdness & Mutations

Your natural rate of healing is accelerated.
You have razor-sharp teeth.
You have supernaturally acute eyesight. (SInv)
You are afflicted with vampirism.


Message History

You see here a giant cockroach corpse.
Found a stone staircase leading down.
Found a scale mail.
There is a stone staircase leading down here.
You open the door.
Found a scroll labelled DUHIAX FILLUAH.
A kobold comes into view. It is wielding a +0 short sword.
There is an open door here.
You aren't carrying any potions.
Saving game... please wait.
Welcome back, shmup the Vampire Brigand.
Press ? for a list of commands and other information.
Saving game... please wait.
Welcome back, shmup the Vampire Brigand.
Press ? for a list of commands and other information.
The helpless kobold fails to defend itself.
You impale the kobold!!
You kill the kobold!
f - 4 stones You see here a +0 short sword.
Unknown command.
g - a scroll labelled DUHIAX FILLUAH
Found an escape hatch in the floor.
Saving game... please wait.
Options error: Cannot find file "CosplayChallenge.rc". (~/.crawlrc:7) Welcome back, shmup the Vampire Brigand.
Press ? for a list of commands and other information.
Saving game... please wait.
Options error: Cannot find file "CosplayChallenge.rc". (~/.crawlrc:7) Welcome back, shmup the Vampire Brigand.
Press ? for a list of commands and other information.
(D) Dungeon
Where to? (? - help)
Okay, then.
You see here a +0 short sword.
There is an open door here.
There is an open door here.
There is a staircase leading out of the dungeon here.
Are you sure you want to leave the Dungeon?
This will make you lose the game!
You have escaped!

▒...▒
▒..........▒▒▒....▒
▒▒▒▒▒ ▒▒.▒▒▒▒▒▒▒.▒
▒....▒
▒▒▒▒▒▒'▒▒▒▒▒▒▒.▒
▒....▒
▒...........▒▒.▒
▒....▒
▒...........▒▒.▒
▒.▒▒▒▒
▒..8.....8..▒▒.. ...
▒
▒...........▒▒......
▒...........▒ ..
▒.....V.....▒
▒...........▒
▒...........▒
▒..8.....8..▒
▒...........▒
▒...........▒
▒▒▒▒▒▒+▒▒▒▒▒▒


There were no monsters in sight!

Vanquished Creatures
  A giant cockroach (D:1)
  A kobold (D:1)
2 creatures vanquished.

Notes
Turn   | Place    | Note
-------+----------+-------------------------------------------
     0 | D:1      | shmup the Vampire Brigand began the quest for the Orb.
     0 | D:1      | Reached XP level 1. HP: 16/16 MP: 1/1
   136 | D:1      | Upgraded the game from 0.29-a0-902-g0f71de6fce to
                  | 0.29-a0-925-g0a7a3d12f8
   136 | D:1      | Upgraded the game from 0.29-a0-925-g0a7a3d12f8 to
                  | 0.30-a0-56-ge6a4009bfd
   152 | D:1      | Upgraded the game from 0.30-a0-56-ge6a4009bfd to
                  | 0.31-a0-473-g61b50ae490
   187 | D:$      | Safely got out of the dungeon.

Illustrated notes

Levels and vault maps discovered:
D:1:      psy_arrival_statuary, layout_basic,
          shapermc_ecumenical_altar_mp_urbaneastern

Action                     || total
---------------------------++-------
  Melee: Dagger            ||     5
         Bite              ||     1
   Stab: Sleeping          ||     1
  Dodge: Dodged            ||     2

Table legend: (Time is in decaauts)
 A = Elapsed time spent in this place.
 B = Non-inter-level travel time spent in this place.
 C = Inter-level travel time spent in this place.
 D = Time resting spent in this place.
 E = Time spent auto-exploring this place.
 F = Levels seen in this place.
 G = Mean time per level.
                   A        B        C        D        E       F      G
               +--------+--------+--------+--------+--------+-----+--------+
         Total |    186 |    152 |     34 |      0 |    134 |   1 |  186.0 |
       Dungeon |    186 |    152 |     34 |      0 |    134 |   1 |  186.0 |
               +--------+--------+--------+--------+--------+-----+--------+

Top non-repeatable levels by time:
     D:1: 186 daAuts
